 Dungeon Crawl Stone Soup version 0.24-a0-433-gbe6fa4f6cc (webtiles) character file.

Game seed: 14373028891656870361

956 Holzbalken the Cutter (level 7, -1/46 HPs)
             Began as a Vampire Enchanter on June 14, 2019.
             Killed from afar by an orc wizard (12 damage)
             ... with a puff of flame
             ... on level 4 of the Dungeon.
             The game lasted 00:23:21 (4782 turns).

Holzbalken the Cutter (Vampire Enchanter)           Turns: 4782, Time: 00:23:21

Health: -1/46      AC:  4    Str:  7    XL:     7   Next: 91%
Magic:  12/13      EV: 14    Int: 17    God:
Gold:   110        SH:  0    Dex: 17    Spells: 8/14 levels left

rFire    . . .     SeeInvis +   a - +1 dagger
rCold    . . .     Gourm    .   (no shield)
rNeg     . . .     Faith    .   b - +0 robe
rPois    .         Spirit   .   m - +0 helmet (curse)
rElec    .         Reflect  .   o - +0 cloak
rCorr    .         Harm     .   (no gloves)
MR       .....                  (no boots)
Stlth    +.........             (no amulet)
HPRegen  0.35/turn              (no ring)
MPRegen  0.13/turn              (no ring)

@: confused, regenerating quickly
A: no food, fangs 3, see invisible, unbreathing
a: Exsanguinate


You were on level 4 of the Dungeon.
You were alive.

You visited 1 branch of the dungeon, and saw 4 of its levels.

You collected 110 gold pieces.

Inventory:

Hand Weapons
 a - a +1 dagger (weapon)
 p - a +0 dagger of chaos
Armour
 b - a +0 robe (worn)
 m - a cursed +0 helmet (worn)
 o - a +0 cloak (worn)
Jewellery
 c - an uncursed ring of poison resistance {unknown}
 j - an uncursed ring of flight {unknown}
 n - a +3 ring of slaying {unknown}
Scrolls
 e - a scroll of blinking {unknown}
 f - 2 scrolls of identify {unknown}
 i - 2 scrolls of remove curse {unknown}
 s - a scroll of teleportation {unknown}
Potions
 d - a potion of mutation {unknown}
 g - 2 potions of curing
 h - a potion of invisibility {unknown}
 k - 4 potions of ambrosia {unknown}
 l - a potion of agility {unknown}
 q - a potion of lignification {unknown}
 r - a potion of might {unknown}


   Skills:
 * Level 6.6 Short Blades
 + Level 3.9 Dodging
 - Level 6.4 Stealth
 + Level 4.3 Spellcasting
 - Level 6.1 Hexes


You had 8 spell levels left.
You knew the following spells:

 Your Spells              Type           Power        Failure   Level  Hunger
a - Corona                Hex            ###....      1%          1    N/A
b - Confuse               Hex            ###.....     3%          3    N/A
c - Ensorcelled Hibernat  Hex/Ice        ##....       7%          2    N/A

Your spell library contained the following spells:

 Spells                   Type           Power        Failure   Level  Hunger
 Tukima's Dance           Hex            ###.....     3%          3    N/A
 Dazzling Spray           Conj/Hex       ##....       13%         3    N/A

Dungeon Overview and Level Annotations

Branches:
Dungeon (4/15)
 Temple: D:4-7

Altars:
Sif Muna
Xom
Yredelemnul


Innate Abilities, Weirdness & Mutations

You do not eat.
Your natural rate of healing is unusually fast.
You have razor-sharp teeth.
You have supernaturally acute eyesight. (SInv)
You can survive without breathing.


Message History

The magic dart hits you.
You bump into the rock wall.
You feel less confused.
The orc priest invokes the aid of Beogh against you.
Beogh smites you! The orc wizard closely misses you.
The orc priest looks satisfied for a moment.
The orc wizard gestures at you while chanting.
You are confused.
You bump into the rock wall.
You're too confused to cast spells.
You bump into the rock wall.
The orc wizard hits you but does no damage.
The orc priest invokes the aid of Beogh against you.
Beogh smites you!
* * * LOW HITPOINT WARNING * * *
You're too confused to cast spells.
You bump into the rock wall.
The orc wizard points at you and mumbles some strange words.
The puff of flame hits you!
You die...

.........#...>...####...#..#
.....#......#....# ##...####
..#.##......#...## #....#
(....##.#####..## #....##
.....##.#####...## ###...#
##...............# #...#
##.............#.# #...#
##.≈≈......PP≈.#.# #####
.#.≈≈≈≈≈.≈≈≈≈≈.#@#
.#.≈PPP≈≈≈≈≈≈≈.#o##
.#.≈PP≈PP≈≈≈P≈.#o.#
.#.PP≈≈≈P≈P≈≈≈.##.#
...P≈≈≈≈≈P≈≈PP..#o#
..♣≈PP≈≈≈≈≈≈≈≈♣.#o#
..♣≈≈≈≈≈≈≈≈ ♣.#.#
#.♣≈≈≈≈≈≈≈≈ ♣.#.#
#.♣♣≈≈≈≈≈≈≈ ♣.#.#


You could see 2 orc priests, an orc wizard (invisible) and an orc.

Vanquished Creatures
  Sigmund (D:3)
  Purgy (D:3)
  A phantom (D:4)
  An ogre (D:4)
  A howler monkey (D:4)
  4 crimson imps (D:4)
  A gnoll shaman (D:4)
  Crazy Yiuf (D:3)
  3 worker ants (D:4)
  5 gnolls
  3 adders
  3 oozes
  An adder skeleton (D:4)
  3 worms
  6 dart slugs
  4 leopard geckos
  8 orcs
  7 giant cockroaches
  2 gnoll zombies (D:4)
  18 goblins
  10 hobgoblins
  2 jackals (D:4)
  4 kobolds
  2 ball pythons
  5 bats
  7 frilled lizards
  8 rats
112 creatures vanquished.

Notes
Turn   | Place    | Note
-------+----------+-------------------------------------------
     0 | D:1      | Holzbalken the Vampire Enchanter began the quest for the
                  | Orb.
     0 | D:1      | Reached XP level 1. HP: 13/13 MP: 3/3
   206 | D:1      | Reached XP level 2. HP: 11/19 MP: 5/5
   467 | D:1      | Reached XP level 3. HP: 24/24 MP: 6/6
   474 | D:1      | Learned a level 3 spell: Confuse
   477 | D:1      | Learned a level 2 spell: Ensorcelled Hibernation
   821 | D:1      | Reached skill level 5 in Stealth
  1168 | D:2      | Reached skill level 5 in Hexes
  1410 | D:2      | Reached XP level 4. HP: 30/30 MP: 7/7
  2104 | D:3      | Noticed Purgy
  2158 | D:3      | Noticed Sigmund
  2492 | D:3      | Killed Purgy
  2492 | D:3      | Reached XP level 5. HP: 15/35 MP: 6/9
  2965 | D:3      | Killed Sigmund
  2965 | D:3      | Reached XP level 6. HP: 41/41 MP: 7/11
  3292 | D:3      | Found a runed translucent door.
  3293 | D:3      | Noticed Crazy Yiuf
  3300 | D:3      | Killed Crazy Yiuf
  3541 | D:4      | Reached skill level 5 in Short Blades
  3541 | D:4      | Reached XP level 7. HP: 46/46 MP: 12/12
  3632 | D:4      | Found a deep blue altar of Sif Muna.
  3887 | D:4      | Found a shimmering altar of Xom.
  4428 | D:4      | Found a basalt altar of Yredelemnul.
  4782 | D:4      | Killed from afar by an orc wizard

Levels and vault maps discovered:
D:1:      dpeg_arrival_arbitrary_a, layout_basic, chequers_serial_rivers_small_a
D:2:      layout_basic
D:3:      layout_loops_ring, first_ration, uniq_purgy, uniq_sigmund,
          uniq_crazy_yiuf_cottage
D:4:      layout_cave_pools, lemuel_zombie_altar_yredelemnul,
          old_standard_altar, serial_bayou, serial_bayou_pond_b,
          serial_bayou_pond_e, serial_bayou_shore_a, serial_bayou_pond_c,
          hex_medium, led_xom_imps

Skill      XL: |  1  2  3  4  5  6  7 |
---------------+----------------------+-----
Short Blades   | 2 3 4 5 6 |  6.6
Stealth        | 5 6 |  6.4
Hexes          | 5 6 |  6.1
Spellcasting   | 3 4 |  4.3
Dodging        | 3 |  3.9

Action                   |  1- 3 |  4- 6 |  7- 9 || total
-------------------------+-------+-------+-------++-------
Melee: Dagger            |   129 |   232 |   158 ||   519
       Bite              |     7 |    18 |    15 ||    40
 Cast: Confuse           |    11 |    14 |    18 ||    43
 Stab: Sleeping          |     7 |     8 |     4 ||    19
       Confused          |     5 |     7 |    14 ||    26
       Distracted        |       |     1 |       ||     1
Armor: Robe              |    34 |    23 |    21 ||    78
Dodge: Dodged            |    90 |   125 |    63 ||   278

Table legend:
 A = Non-vault XP
 B = Vault XP
 C = Vault XP percentage of total XP
 D = Non-vault monster count
 E = Vault monster count
 F = Vault count percentage of total count
                 A         B        C        D         E       F
            +---------+---------+-------+---------+---------+-------
      Total |     634 |     732 |  53.6 |     102 |      10 |   8.9
            +---------+---------+-------+---------+---------+-------
        D:1 |      67 |       0 |   0.0 |      29 |       0 |   0.0
        D:2 |      87 |       0 |   0.0 |      30 |       0 |   0.0
        D:3 |      72 |     399 |  84.7 |      22 |       3 |  12.0
        D:4 |     408 |     333 |  44.9 |      21 |       7 |  25.0
            +---------+---------+-------+---------+---------+-------
